 Dungeon Crawl Stone Soup version 0.30.0-15-g856e2d3f33 (webtiles) character file.

Game seed: 1356947665052164685

33 qw the Chopper (level 3, 0/23 HPs)
             Began as a Gargoyle Fighter on May 21, 2023.
             Slain by a gnoll
             ... wielding a +0 halberd
              (4 damage)
             ... on level 2 of the Dungeon.
             The game lasted 00:00:26 (1346 turns).

qw the Chopper (Gargoyle Fighter)                   Turns: 1346, Time: 00:00:26

Health: 0/23       AC: 10    Str: 21    XL:     3   Next: 29%
Magic:  3/3        EV:  9    Int:  8    God:
Gold:   122        SH:  4    Dex:  9    Spells: 2/2 levels left

rFire   . . .        Y - +1 war axe
rCold   . . .        c - +0 buckler
rNeg    + . .        b - +0 scale mail
rPois   inf          (no helmet)
rElec   +            (no cloak)
rCorr   .            (no gloves)
SInv    .            (no boots)
Will    .....        (no amulet) Stlth
                     (no ring)
HPRegen 0.23/turn    (no ring)
MPRegen 0.08/turn

%: no passive effects
@: no status effects
A: sickness immunity, AC +3, negative energy resistance 1, electricity
resistance, torment resistance 1, petrification resistance
a: no special abilities


You were on level 2 of the Dungeon.
You visited 1 branch of the dungeon, and saw 2 of its levels.

You collected 122 gold pieces.


Innate Abilities, Weirdness & Mutations

You are immune to sickness and miasma.
Your stone body is resilient. (AC +3)
You are immune to poison.
You resist negative energy. (rN+)
You are resistant to electric shocks. (rElec)
You are resistant to unholy torment.
You are immune to petrification.


   Skills:
 - Level 3.2 Fighting
 + Level 3.3 Axes
 - Level 3.2 Armour
 - Level 3.2 Shields


You had 2 spell levels left.
You didn't know any spells.
Your spell library was empty.

Inventory:

Hand Weapons
 h - a +0 whip
 Y - a +1 war axe (weapon)
Armour
 b - a +0 scale mail (worn)
 c - a +0 buckler (worn)
Scrolls
 a - 3 scrolls of enchant armour
 e - a scroll of poison {unknown}
 i - a scroll of brand weapon {unknown}
Potions
 d - a potion of might
 f - a potion of cancellation {unknown}
 g - 2 potions of haste

Dungeon Overview and Level Annotations

Branches:
Dungeon (2/15)

Altars:


Message History

The dart slug is severely wounded.
The dart slug launches a dart at you. The slug dart hits you.
You barely miss the dart slug.
The dart slug is severely wounded.
The dart slug closely misses you.
You hit the dart slug.
The dart slug is almost dead.
The dart slug barely misses you.
You hit the dart slug.
You kill the dart slug!
You start resting.
HP restored.
You see here a dart slug corpse.
You now have 122 gold pieces (gained 5).
There is a stone staircase leading up here. 2 gnolls and a hobgoblin come into view.
Found a stone staircase leading down.
The gnoll shouts! x2; The hobgoblin shouts!
You hear a shout!
A gnoll comes into view. It is wielding a +0 flail.
The gnoll moves out of view.
The hobgoblin moves out of view.
1338 ||| Stepping ~*~*~tactically~*~*~ (hiding).
You start waiting.
A gnoll is nearby!
You barely miss the gnoll. The gnoll hits you with a +0 flail.
You slash the gnoll!
The gnoll is severely wounded.
The gnoll hits you but does no damage. You block the gnoll's attack.
You barely miss the gnoll.
The gnoll is severely wounded.
The gnoll hits you but does no damage.
The gnoll hits you from afar with a +0 halberd!
The gnoll hits you from afar with a +0 halberd.
The gnoll hits you with a +0 flail.
You barely miss the gnoll.
The gnoll is severely wounded.
The gnoll barely misses you.
The gnoll hits you from afar with a +0 halberd.
You die...

...##.#######.#
##...###.# #...#
......#
#####.#####.####.#
#.##. .###..#
#................# #
#. ## #..#
#.###.##....######
## # #..# #.#
#.##.#### .> # #..#
#.###.##.###.g.# #
#..#
#..##...gg...g.# #
#..####.#####g# #
#.......#####@# ##
#.####........# .#
#.# #..####### .#
#.####..############
.#
#..................#
.#
#######....#######.#
.# #..#.# #.# .#
#..#.# #####.#####
.# #..#.#
#.........#


You could see 2 gnolls and a hobgoblin.

Vanquished Creatures
  An adder (D:2)
  A worm (D:1)
  A dart slug (D:2)
  An endoplasm (D:1)
  A giant cockroach (D:2)
  2 goblins (D:1)
  2 hobgoblins (D:1)
  2 quokkas (D:2)
  3 ball pythons
  A bat (D:1)
  A frilled lizard (D:1)
  2 kobolds (D:2)
  2 rats (D:1)
20 creatures vanquished.

Notes
Turn   | Place    | Note
-------+----------+-------------------------------------------
     0 | D:1      | qw the Gargoyle Fighter began the quest for the Orb.
     0 | D:1      | Reached XP level 1. HP: 14/14 MP: 1/1
     0 | D:1      | 0 ||| qw: Version: 0.2-a-98-g16b38d9
     0 | D:1      | 0 ||| qw: Game counter: 27
     0 | D:1      | 0 ||| qw: Always use a shield: true
     0 | D:1      | 0 ||| qw: God list: Okawaru
     0 | D:1      | 0 ||| qw: Allow faded altars: false
     0 | D:1      | 0 ||| qw: Do Orc after D:15 true
     0 | D:1      | 0 ||| qw: Do second Lair branch before Depths: true
     0 | D:1      | 0 ||| qw: Lair rune preference: random
     0 | D:1      | 0 ||| qw: Plans: Normal, Zot:1-4, God:TSO, Crypt, Tomb,
                  | Pan, Slime:5, Hells, Abyss, Win
     0 | D:1      | 0 ||| PLANNING D:1-11
   491 | D:1      | Reached XP level 2. HP: 19/19 MP: 2/2
   748 | D:1      | 748 ||| READING scroll labelled HUNEHASUCS.
   749 | D:1      | 749 ||| READING scroll labelled KYUGOMP BAUGG.
   750 | D:1      | 750 ||| READING scroll labelled UPO TEVOPHE.
   754 | D:1      | 754 ||| READING scroll labelled LUCEUM UGEDGHY.
   755 | D:1      | 755 ||| DRINKING 3 sedimented orange potions.
   766 | D:2      | 766 ||| STAIRDANCE
   785 | D:2      | 785 ||| STAIRDANCE
   944 | D:2      | Reached skill level 3 in Axes
   944 | D:2      | Reached XP level 3. HP: 19/23 MP: 3/3
  1236 | D:2      | 1236 ||| Stepping ~*~*~tactically~*~*~ (hiding).
  1237 | D:2      | 1237 ||| Stepping ~*~*~tactically~*~*~ (hiding).
  1338 | D:2      | 1338 ||| Stepping ~*~*~tactically~*~*~ (hiding).
  1345 | D:2      | HP: 3/23 [gnoll/+0 flail (4)]
  1346 | D:2      | Slain by a gnoll

Levels and vault maps discovered:
D:1:      erik_arrival_blinker_ship, layout_basic
D:2:      minmay_angry_zag, layout_loops_ring, uniq_crazy_yiuf_cottage

Skill      XL: |  1  2 |
---------------+-------+-----
Axes           | 2 3 |  3.3
Fighting       | |  3.2
Armour         | |  3.2
Shields        | |  3.2

Action                     || total
---------------------------++-------
  Melee: War axe           ||    72
    Use: Scroll            ||     4
         Potion            ||     1
 Armour: Scale mail        ||    31
  Dodge: Dodged            ||    30
  Block: Buckler           ||    11

Table legend:
 A = Non-vault XP
 B = Vault XP
 C = Vault XP percentage of total XP
 D = Non-vault monster count
 E = Vault monster count
 F = Vault count percentage of total count
                 A         B        C        D         E       F
            +---------+---------+-------+---------+---------+-------
      Total |      42 |       6 |  12.5 |      16 |       4 |  20.0
            +---------+---------+-------+---------+---------+-------
        D:1 |      20 |       0 |   0.0 |      11 |       0 |   0.0
        D:2 |      22 |       6 |  21.4 |       5 |       4 |  44.4
            +---------+---------+-------+---------+---------+-------
